 Dungeon Crawl Stone Soup version 0.22-a0-410-g97be04f (webtiles) character file.

184 4thArraOfDagon the Magician (level 5, 0/35 HPs)
             Began as a Mummy Fire Elementalist on May 11, 2018.
             Was a Believer of Vehumet.
             Slain by a hobgoblin
             ... wielding a +0 club
             ... led by Robin
              (8 damage)
             ... on level 3 of the Dungeon.
             The game lasted 00:05:23 (1867 turns).

4thArraOfDagon the Magician (MuFE)                  Turns: 1867, Time: 00:05:24

Health: 0/35       AC:  6    Str: 11    XL:     5   Next: 36%
Magic:  7/10       EV: 11    Int: 16    God:    Vehumet [**....]
Gold:   83         SH:  0    Dex: 12    Spells: 3/11 levels left

rFire    . . .     SeeInvis .   g - +2 dagger (elec)
rCold    + . .     Gourm    .   (no shield)
rNeg     + + +     Faith    .   m - +0 leather armour {rF+}
rPois    ∞         Spirit   .   (no helmet)
rElec    .         Reflect  .   k - +1 cloak {+Inv}
rCorr    .         Harm     .   d - +0 pair of gloves (curse)
MR       .....                  (no boots)
Stlth    ++........             (no amulet)
HPRegen  0.11/turn              n - ring of stealth
MPRegen  0.12/turn              (no ring)

@: no status effects
A: no food or potions, fire vulnerability, cold resistance 1, negative energy
resistance 3, torment resistance, unbreathing
a: Renounce Religion, Evoke Invisibility


You were on level 3 of the Dungeon.
You worshipped Vehumet.
Vehumet was pleased with you.
You were not hungry.

You visited 1 branch of the dungeon, and saw 3 of its levels.

You collected 83 gold pieces.

Inventory:

Hand Weapons
 g - a +2 dagger of electrocution (weapon)
Armour
 a - a +0 robe
 d - a cursed +0 pair of gloves (worn)
 f - a +0 robe of magic resistance
 k - a +1 cloak of invisibility (worn)
 m - a +0 leather armour of fire resistance (worn)
Jewellery
 n - a ring of stealth (left hand)
Scrolls
 b - 3 scrolls of identify {unknown}
 c - 2 scrolls of teleportation
 e - a scroll of fog {unknown}
 h - a scroll of immolation {unknown}
 i - 3 scrolls of amnesia {unknown}
 j - a scroll of remove curse {unknown}
 l - a scroll of magic mapping {unknown}
 o - a scroll of enchant armour {unknown}


   Skills:
 - Level 1.5 Dodging
 - Level 1.5 Stealth
 + Level 3.8 Spellcasting
 * Level 2.7 Conjurations
 * Level 3.7 Fire Magic


You had 3 spell levels left.
You knew the following spells:

 Your Spells              Type           Power        Failure   Level  Hunger
a - Flame Tongue          Conj/Fire      ##...        6%          1    N/A
b - Conjure Flame         Conj/Fire      ##......     19%         3    N/A
c - Sticky Flame          Conj/Fire      ##......     52%         4    N/A

Dungeon Overview and Level Annotations

Branches:
Dungeon (3/15)

Altars:
Vehumet

Annotations:
D:3 Robin


Innate Abilities, Weirdness & Mutations

You do not eat or drink.
Your flesh is vulnerable to fire.
You are immune to poison.
Your flesh is cold resistant. (rC+)
You are immune to negative energy. (rN+++)
You are immune to unholy pain and torment.
You can survive without breathing.


Message History

The hobgoblin hits you but does no damage.
Unknown command.
Casting: Flame Tongue (safe; 6% risk of failure)
Confirm with . or Enter, or press ? or * to list all spells.
Aiming: Flame Tongue (safe; 6% risk of failure)
Press: ? - help, Shift-Dir - straight line, f/p - hobgoblin
Aim: a hobgoblin, wielding a club (heavily wounded, unusually strong)
The flame tongue misses the hobgoblin.
The flame tongue hits Robin.
Robin is heavily wounded.
The hobgoblin misses you.
Unknown command.
Casting: Flame Tongue (safe; 6% risk of failure)
Confirm with . or Enter, or press ? or * to list all spells.
Aiming: Flame Tongue (safe; 6% risk of failure)
Press: ? - help, Shift-Dir - straight line, f/p - hobgoblin
Aim: a hobgoblin, wielding a club (heavily wounded, unusually strong)
The flame tongue hits the hobgoblin.
The hobgoblin appears unharmed.
The hobgoblin is heavily wounded.
The hobgoblin hits you with a club!
You die...

#. #! .g# #. #.# #
#. # g.. . #.
.####.####. #.
...#.>...g
##.#########.#.# #g#
#..@gg)........# #.#
############.#.###.#
#!#g.g... #.#####.#
#####.g..g..#
#....#....###
#....#.##.#
####....#.##.#
#............#


You could see Robin and a hobgoblin.

Vanquished Creatures
  Crazy Yiuf (D:2)
  Jessica (D:2)
  A gnoll (D:2)
  4 adders
  2 dart slugs (D:1)
  3 leopard geckos
  4 orcs (D:3)
  10 bats
  5 giant cockroaches
  16 goblins
  5 hobgoblins
  2 jackals
  3 ball pythons
  3 frilled lizards
  8 kobolds
  4 rats
  2 fungi (D:2)
74 creatures vanquished.

Notes
Turn   | Place    | Note
-------+----------+-------------------------------------------
     0 | D:1      | 4thArraOfDagon the Mummy Fire Elementalist began the quest for the Orb.
     0 | D:1      | Reached XP level 1. HP: 13/13 MP: 4/4
    68 | D:1      | Reached skill level 1 in Conjurations
   214 | D:2      | Reached XP level 2. HP: 16/19 MP: 2/5
   268 | D:2      | Found a radiant altar of Vehumet.
   366 | D:2      | Noticed Jessica
   435 | D:2      | Became a worshipper of Vehumet
   636 | D:1      | Reached XP level 3. HP: 17/24 MP: 0/7
   641 | D:1      | Learned a level 3 spell: Conjure Flame
   923 | D:2      | Killed Jessica
  1052 | D:2      | Reached XP level 4. HP: 29/30 MP: 7/9
  1061 | D:1      | Reached * piety under Vehumet
  1061 | D:1      | Offered knowledge of Shock by Vehumet.
  1118 | D:2      | Learned a level 4 spell: Sticky Flame
  1476 | D:2      | Found a runed door.
  1480 | D:2      | Noticed Crazy Yiuf
  1486 | D:2      | Killed Crazy Yiuf
  1486 | D:2      | Reached XP level 5. HP: 35/35 MP: 2/10
  1835 | D:3      | Noticed Robin
  1854 | D:3      | Reached ** piety under Vehumet
  1854 | D:3      | Offered knowledge of Sting by Vehumet.
  1867 | D:3      | Slain by a hobgoblin

Vault maps used:
D:1:      zelgadis_glass_arrival_small, st_stairs_6
D:2:      old_standard_altar, first_ration, cheibrodos_gnoll_hut,
          uniq_crazy_yiuf_cottage, uniq_jessica
D:3:      uniq_ijyb, uniq_robin

Skill      XL: |  1  2  3 |
---------------+----------+-----
Conjurations   | 1 2 |  2.7
Spellcasting   | 3 |  3.8
Fire Magic     | 3 |  3.7
Dodging        | |  1.5
Stealth        | |  1.5

Action                   |  1- 3 |  4- 6 || total
-------------------------+-------+-------++-------
Melee: Unarmed           |    10 |     3 ||    13
       Dagger            |       |    77 ||    77
 Cast: Flame Tongue      |    67 |    33 ||   100
       Conjure Flame     |       |     1 ||     1
  Use: Scroll            |     1 |       ||     1
Armor: Robe              |    10 |    16 ||    26
       Leather armour    |       |     9 ||     9
Dodge: Dodged            |    34 |    48 ||    82

Table legend:
 A = Spawn XP
 B = Non-spawn XP
 C = Spawn XP percentage of total XP
 D = Spawn monster count
 E = Non-spawn monster count
 F = Spawn count percentage of total count
 G = Total turns spent on level
                    A         B        C        D         E        F      G
               +---------+---------+-------+---------+---------+-------+---------
         Total |       0 |     263 |   0.0 |       0 |      72 |   0.0 |  1867
               +---------+---------+-------+---------+---------+-------+---------
           D:1 |       0 |      43 |   0.0 |       0 |      25 |   0.0 |   570
           D:2 |       0 |     163 |   0.0 |       0 |      25 |   0.0 |   941
           D:3 |       0 |      57 |   0.0 |       0 |      22 |   0.0 |   356
               +---------+---------+-------+---------+---------+-------+---------
